 Dungeon Crawl Stone Soup version 0.29-a0-266-gf56f883ddd (webtiles) character file.

Game seed: 6661232168563753313

135 bande the Shield-Bearer (level 5, 0/33 HPs)
             Began as a Gargoyle Fighter on Mar 7, 2022.
             Slain by a worm (9 damage)
             ... on level 4 of the Dungeon.
             The game lasted 00:03:35 (2459 turns).

bande the Shield-Bearer (Gargoyle Fighter)          Turns: 2459, Time: 00:03:35

Health: 0/33       AC:  6    Str: 19    XL:     5   Next: 18%
Magic:  5/5        EV:  9    Int:  9    God:
Gold:   176        SH:  4    Dex: 11    Spells: 4/4 levels left

rFire   . . .      SeeInvis .   a - +0 war axe
rCold   . . .      Faith    .   c - +0 buckler
rNeg    + . .      Spirit   .   b - +0 scale mail
rPois   ∞          Reflect  .   (no helmet)
rElec   +          Harm     .   q - +0 cloak
rCorr   .          Rampage  .   j - +0 pair of gloves
Will    .....                   g - +0 pair of boots
Stlth   ..........              (no amulet)
HPRegen 0.11/turn               (no ring)
MPRegen 0.09/turn               (no ring)

@: corroded
A: sickness immunity, AC +4, negative energy resistance 1, electricity
resistance, torment resistance 1, petrification resistance
a: no special abilities


You were on level 4 of the Dungeon.
You visited 1 branch of the dungeon, and saw 4 of its levels.

You collected 176 gold pieces.

Inventory:

Hand Weapons
 a - a +0 war axe (weapon)
Missiles
 k - a throwing net (quivered)
Armour
 b - a +0 scale mail (worn)
 c - a +0 buckler (worn)
 g - a +0 pair of boots (worn)
 j - a +0 pair of gloves (worn)
 q - a +0 cloak (worn)
Jewellery
 i - a ring of magical power
Wands
 o - a wand of polymorph (5)
Scrolls
 n - a scroll of amnesia
Potions
 d - 3 potions of might
 e - 3 potions of flight
 f - 2 potions of curing {unknown}
 h - a potion of berserk rage {unknown}
 l - a potion of heal wounds {unknown}
 m - a potion of attraction {unknown}
 p - 2 potions of degeneration {unknown}


   Skills:
 + Level 3.8 Fighting
 + Level 3.3 Axes
 + Level 3.9 Armour
 + Level 4.3 Shields


You had 4 spell levels left.
You didn't know any spells.
Your spell library was empty.

Dungeon Overview and Level Annotations

Branches:
Dungeon (4/15)
 Temple: D:4-7

Altars:
Makhleb


Innate Abilities, Weirdness & Mutations

You are immune to sickness and miasma.
Your stone body is resilient. (AC +4)
You are immune to poison.
You resist negative energy. (rN+)
You are resistant to electric shocks. (rElec)
You are resistant to unholy torment.
You are immune to petrification.


Message History

You kill the endoplasm!
The worm bites you.
You hit the worm.
The worm is lightly wounded.
The worm barely misses you.
You barely miss the worm.
The worm is lightly wounded.
The worm bites you!
You barely miss the worm.
The worm is lightly wounded.
A jelly comes into view.
You block the worm's attack.
You barely miss the worm.
The jelly quivers.
You slash the worm!
The worm is severely wounded.
The worm barely misses you.
You barely miss the worm.
The worm is heavily wounded.
You hit the jelly. The acid corrodes you!
Your hands burn!
The worm closely misses you. The jelly closely misses you.
You hit the worm but do no damage.
The worm is heavily wounded.
You hit the jelly.
Your hands burn!
The jelly hits you but does no damage. The worm closely misses you.
You hit the worm but do no damage.
The worm is heavily wounded.
You hit the jelly but do no damage.
Your hands burn!
The jelly closely misses you.
Unknown command.
You hit the jelly.
Your hands burn!
The jelly is moderately wounded.
You hit the worm but do no damage. The jelly hits you but does no damage.
You block the worm's attack. The jelly hits you but does no damage.
You slash the jelly! The acid corrodes you!
Your hands burn!
* * * LOW HITPOINT WARNING * * *
The jelly is almost dead.
You hit the worm but do no damage. The jelly barely misses you.
The worm bites you!
You die...

....>............†.......#
##..###...##.............#
#...##....##.......#
+...##....##.......#
#....#....##.......#
#....#....###+######
#....'....+ ##..###...#
#### #@J.# #.?w......
+......... ###.......
.....>. ..##... .$# ...
... ..


You could see a worm and a jelly.

Vanquished Creatures
  Crazy Yiuf (D:3)
  4 adders
  A worm (D:3)
  3 dart slugs
  An orc (D:3)
  6 bats
  5 endoplasms
  3 giant cockroaches
  3 goblins
  4 hobgoblins
  6 jackals
  2 quokkas (D:1)
  5 ball pythons
  2 frilled lizards
  7 kobolds
  7 rats
60 creatures vanquished.

Vanquished Creatures (collateral kills)
  A bat (D:3)
1 creature vanquished.

Grand Total: 61 creatures vanquished

Notes
Turn   | Place    | Note
-------+----------+-------------------------------------------
     0 | D:1      | bande the Gargoyle Fighter began the quest for the Orb.
     0 | D:1      | Reached XP level 1. HP: 14/14 MP: 1/1
   178 | D:1      | Reached XP level 2. HP: 19/19 MP: 2/2
   776 | D:2      | Reached XP level 3. HP: 23/23 MP: 3/3
   803 | D:2      | Found a burning altar of Makhleb.
   820 | D:2      | Reached skill level 4 in Shields
  1309 | D:2      | Reached XP level 4. HP: 25/29 MP: 4/4
  1880 | D:3      | Found a runed translucent door.
  1881 | D:3      | Noticed Crazy Yiuf
  1969 | D:3      | Found a faded altar of an unknown god.
  2244 | D:3      | Killed Crazy Yiuf
  2245 | D:3      | Reached XP level 5. HP: 22/33 MP: 5/5
  2459 | D:4      | Slain by a worm

Illustrated notes

Levels and vault maps discovered:
D:1:      lightli_arrival_maybe_door_vault, layout_loops_ring
D:2:      layout_basic, basic_altar, serial_corexii_hall,
          chequers_hall_statues_wall_a, chequers_hall_statues_wall_a,
          minmay_pentomino_x2
D:3:      layout_rooms, hellmonk_ecumenical_altar_arch_garden,
          uniq_crazy_yiuf_cottage
D:4:      layout_gridville, mainiacjoe_overflow_24_doors,
          nicolae_overflow_crystal_walls, amcnicky_mini_corridor_feature,
          uniq_duvessa

Skill      XL: |  1  2  3  4 |
---------------+-------------+-----
Shields        | 4 |  4.3
Axes           | 2 3 |  3.3
Fighting       | |  3.8
Armour         | |  3.9

Action                   |  1- 3 |  4- 6 || total
-------------------------+-------+-------++-------
Melee: War axe           |    95 |    67 ||   162
       Unarmed           |       |     2 ||     2
  Use: Scroll            |     2 |     4 ||     6
Armor: Scale mail        |    77 |    44 ||   121
Dodge: Dodged            |    45 |    46 ||    91
Block: Buckler           |    23 |    19 ||    42

Table legend: (Time is in decaauts)
 A = Elapsed time spent in this place.
 B = Non-inter-level travel time spent in this place.
 C = Inter-level travel time spent in this place.
 D = Time resting spent in this place.
 E = Time spent auto-exploring this place.
 F = Levels seen in this place.
 G = Mean time per level.
                   A        B        C        D        E       F      G
               +--------+--------+--------+--------+--------+-----+--------+
         Total |   2511 |   2479 |     32 |     59 |   1917 |   4 |  627.8 |
       Dungeon |   2511 |   2479 |     32 |     59 |   1917 |   4 |  627.8 |
               +--------+--------+--------+--------+--------+-----+--------+

Top non-repeatable levels by time:
     D:2: 876 daAuts
     D:1: 781 daAuts
     D:3: 778 daAuts
     D:4: 75 daAuts
